 Dungeon Crawl Stone Soup version 0.28.0-53-g5a82cb258f (webtiles) character file.

Game seed: 2473263266666905691

8425 Zeld the Geomancer (level 11, -13/54 HPs)
             Began as a Gargoyle Earth Elementalist on May 26, 2022.
             Was an Initiate of Gozag.
             Killed from afar by a deep elf pyromancer (15 damage)
             ... with a sticky flame
             ... on level 12 of the Dungeon.
             The game lasted 00:12:29 (14232 turns).

Zeld the Geomancer (Gargoyle Earth Elementalist)   Turns: 14232, Time: 00:12:30

Health: -13/54     AC: 16    Str: 12    XL:     11   Next: 30%
Magic:  12/26      EV: 11    Int: 20    God:    Gozag
Gold:   457        SH:  0    Dex: 10    Spells: 23/33 levels left

rFire   . . .      SeeInvis .   J - +1 war axe of Profit {venom, rElec}
rCold   . . .      Faith    .   (no shield)
rNeg    + . .      Spirit   .   b - +0 robe
rPois   ∞          Reflect  .   j - +0 helmet
rElec   +          Harm     .   t - +2 cloak
rCorr   .          Rampage  .   C - +0 pair of gloves
Will    .....                   l - +0 pair of boots
Stlth   +.........              (no amulet)
HPRegen 0.18/turn               (no ring)
MPRegen 0.20/turn               (no ring)

@: on fire, gold aura, glowing
A: sickness immunity, AC +8, negative energy resistance 1, electricity
resistance, torment resistance 1, petrification resistance
a: Renounce Religion, Potion Petition, Call Merchant, Bribe Branch


You were on level 12 of the Dungeon.
You worshipped Gozag.
Gozag was aware of your devotion.
You visited 2 branches of the dungeon, and saw 13 of its levels.

You collected 1432 gold pieces.
You spent 101 gold pieces at shops.
You paid 874 gold pieces to Gozag.

Inventory:

Hand Weapons
 a - a +4 dire flail of freezing
 J - the +1 war axe of Profit (weapon) {venom, rElec}
   (You found it on level 10 of the Dungeon)

   It poisons the flesh of those it strikes.
   rElec:     It insulates you from electricity.
Missiles
 c - 312 stones
Armour
 b - a +0 robe (worn)
 j - a +0 helmet (worn)
 l - a +0 pair of boots (worn)
 t - a +2 cloak (worn)
 C - a +0 pair of gloves (worn)
Jewellery
 K - a ring of protection from cold
Wands
 s - a wand of acid (21)
 u - a wand of flame (43)
 w - a wand of paralysis (14)
 y - a wand of charming (10)
 B - a wand of polymorph (12)
 H - a wand of iceblast (5)
Scrolls
 d - 3 scrolls of enchant armour
 f - 3 scrolls of teleportation
 g - 4 scrolls of amnesia
 n - 2 scrolls of blinking
 o - 2 scrolls of magic mapping
 v - a scroll of silence
 z - 2 scrolls of fear
 E - a scroll of identify
Potions
 e - 4 potions of might {unknown}
 h - 2 potions of mutation {unknown}
 i - a potion of magic {unknown}
 m - a potion of degeneration {unknown}
 p - a potion of berserk rage {unknown}
 q - 5 potions of curing {unknown}
 r - 2 potions of lignification {unknown}
 A - a potion of haste
 D - 2 potions of brilliance {unknown}
 F - a potion of attraction {unknown}
 G - a potion of flight {unknown}
 I - a potion of heal wounds {unknown}
Miscellaneous
 L - a piece from Xom's chessboard (15/15)


   Skills:
 - Level 1.5 Dodging
 - Level 2.1 Stealth
 * Level 11.8 Spellcasting
 - Level 2.0 Transmutations
 - Level 14.0 Earth Magic


You had 23 spell levels left.
You knew the following spells:

 Your Spells              Type           Power      Damage    Failure   Level
a - Sandblast             Erth           100%       2d20      1%          1
b - Passwall              Tmut/Erth      35%        N/A       1%          2
c - Stone Arrow           Conj/Erth      78%        3d11      1%          3
d - Petrify               Tmut/Erth      43%        N/A       2%          4

Your spell library contained the following spells:

 Spells                   Type           Power      Damage    Failure   Level
 Beastly Appendage        Tmut           38%        N/A       2%          1
 Wereblood                Tmut           19%        N/A       3%          2
 Slow                     Hex            44%        N/A       6%          1
 Summon Small Mammal      Summ           44%        N/A       6%          1
 Spider Form              Tmut/Pois      15%        N/A       12%         3
 Portal Projectile        Hex/Tloc       22%        N/A       17%         3
 Olgreb's Toxic Radiance  Pois           11%        N/A       50%         4
 Blade Hands              Tmut           9%         N/A       56%         5
 Excruciating Wounds      Necr           5%         N/A       85%         5
 Ozocubu's Refrigeration  Ice            5%         4d6       100%        7
 Ignition                 Fire           5%         3d4       100%        8


Dungeon Overview and Level Annotations

Branches:
Dungeon (11/15)            Temple (1/1) D:5            Lair (0/6) D:8
    Orc: D:9-12

Altars:
Ashenzari
Cheibriados
Dithmenos
Elyvilon
Fedhas
Gozag
Hepliaklqana
Kikubaaqudgha
Makhleb
Nemelex Xobeh
Okawaru
Qazlal
Ru
Sif Muna
Trog
Uskayaw
Vehumet
Wu Jian
Xom
Yredelemnul
Zin
The Shining One

Shops:
D:8 ?   D:10 *


Innate Abilities, Weirdness & Mutations

You are immune to sickness and miasma.
Your stone body is resilient. (AC +8)
You are immune to poison.
You resist negative energy. (rN+)
You are resistant to electric shocks. (rElec)
You are resistant to unholy torment.
You are immune to petrification.


Message History

The bolt of fire hits you!!
Ouch! That really hurt!
* * * LOW HITPOINT WARNING * * *
Casting: Stone Arrow (safe; 1% risk of failure)
Confirm with . or Enter, or press ? or * to list all spells.
Aiming: Stone Arrow (safe; 1% risk of failure)
Press: ? - help, Shift-Dir - straight line, f/p - vampire
Aim: a vampire (moderately damaged, 74% to hit)
The stone arrow hits the vampire!
The vampire is severely damaged.
The vampire hits you but does no damage.
The vampire closely misses you.
Casting: Stone Arrow (safe; 1% risk of failure)
Confirm with . or Enter, or press ? or * to list all spells.
Aiming: Stone Arrow (safe; 1% risk of failure)
Press: ? - help, Shift-Dir - straight line, f/p - vampire
Aim: a vampire (severely damaged, 74% to hit)
The stone arrow hits the vampire!!
You destroy the vampire!
Unknown command.
Casting: Stone Arrow (safe; 1% risk of failure)
Confirm with . or Enter, or press ? or * to list all spells.
Aiming: Stone Arrow (safe; 1% risk of failure)
Press: ? - help, Shift-Dir - straight line, f - deep elf pyromancer
Aim: a deep elf pyromancer, wielding a +0 dagger and wearing a +0 leather armour (64% to hit)
The stone arrow hits the deep elf pyromancer!!
The deep elf pyromancer is heavily wounded.
Unknown command.
Casting: Stone Arrow (safe; 1% risk of failure)
Confirm with . or Enter, or press ? or * to list all spells.
Aiming: Stone Arrow (safe; 1% risk of failure)
Press: ? - help, Shift-Dir - straight line, f/p - deep elf pyromancer
Aim: a deep elf pyromancer, wielding a +0 dagger and wearing a +0 leather armour (heavily wounded, 64% to hit)
The stone arrow hits the deep elf pyromancer!
The deep elf pyromancer is severely wounded.
The deep elf pyromancer gestures at you while chanting.
The sticky flame hits you!
You are covered in liquid flames!
You die...
Your body crumbles into a pile of gold.

##########
#........#
#...@....#
#..$.....#
#...e....#
#........#
#........#
#........#
#####.#...
.####.


You could see a deep elf pyromancer.

Vanquished Creatures
  Erolcha (D:10)
  2 two-headed ogres (D:10)
  Maurice (D:9)
  Joseph (D:9)
  2 trolls
  Grinder (D:5)
  Sigmund (D:3)
  A vampire (D:12)
  2 wyverns
  A human (D:11)
  4 steam dragons
  Menkaure (D:5)
  Edmund (D:4)
  An acid dragon (D:5)
  A water moccasin (D:6)
  4 orc warriors
  2 sky beasts
  2 ogres
  A centaur (D:10)
  A phantom (D:5)
  Blork the orc (D:5)
  2 bullfrogs
  2 scorpions
  4 killer bees
  18 wights
  2 bullfrog zombies
  5 centaur zombies
  2 hounds (D:4)
  A bullfrog skeleton (D:5)
  A jelly (D:6)
  4 orc priests
  Crazy Yiuf (D:3)
  2 iguanas
  Natasha (twice) (D:4)
  7 orc wizards
  2 killer bee zombies (D:9)
  A human simulacrum (D:9)
  A howler monkey zombie (D:5)
  A howler monkey skeleton (D:7)
  6 adders
  2 gnolls
  2 shadow imps
  A white imp (D:8)
  An ufetubus (D:6)
  3 worms
  3 dart slugs
  32 orcs
  4 ball pythons
  8 endoplasms
  3 giant cockroaches
  A goblin (D:1)
  2 hobgoblins
  4 jackals
  7 kobolds
  3 quokkas
  6 bats
  6 frilled lizards
  3 rats
  A spectral kobold (D:9)
  4 toadstools (D:1)
192 creatures vanquished.

Vanquished Creatures (others)
  3 plants (D:8)
  A withered plant (D:7)
4 creatures vanquished.

Grand Total: 196 creatures vanquished

Notes
Turn   | Place    | Note
-------+----------+-------------------------------------------
     0 | D:1      | Zeld the Gargoyle Earth Elementalist began the quest for
                  | the Orb.
     0 | D:1      | Reached XP level 1. HP: 10/10 MP: 3/3
   464 | D:1      | Reached skill level 1 in Transmutations
   464 | D:1      | Reached skill level 4 in Earth Magic
   464 | D:1      | Reached XP level 2. HP: 15/15 MP: 1/5
   558 | D:1      | Learned a level 2 spell: Passwall
   570 | D:1      | Found a faded altar of an unknown god.
   914 | D:1      | Reached XP level 3. HP: 18/19 MP: 0/6
   918 | D:1      | Learned a level 3 spell: Stone Arrow
  1611 | D:2      | Reached XP level 4. HP: 24/24 MP: 5/8
  2028 | D:2      | Noticed a scorpion
  2066 | D:2      | Killed a scorpion
  2067 | D:2      | Reached skill level 5 in Earth Magic
  2067 | D:2      | Reached XP level 5. HP: 16/28 MP: 0/9
  2072 | D:2      | Learned a level 4 spell: Petrify
  3079 | D:3      | Found a runed translucent door.
  3080 | D:3      | Noticed Crazy Yiuf
  3177 | D:3      | Noticed Sigmund
  3185 | D:3      | Killed Sigmund
  3186 | D:3      | Reached skill level 6 in Earth Magic
  3186 | D:3      | Reached XP level 6. HP: 25/32 MP: 1/12
  3959 | D:3      | Killed Crazy Yiuf
  4083 | D:4      | Noticed Edmund
  4208 | D:4      | Noticed Natasha
  4211 | D:4      | Killed Natasha
  4214 | D:4      | Reached XP level 7. HP: 32/36 MP: 8/14
  4360 | D:4      | Noticed Natasha
  4673 | D:4      | Reached skill level 5 in Spellcasting
  4673 | D:4      | Reached skill level 7 in Earth Magic
  4821 | D:4      | Killed Edmund
  4936 | D:4      | Killed Natasha
  5108 | D:5      | Entered Level 5 of the Dungeon
  5108 | D:5      | Noticed Grinder
  5114 | D:5      | Killed Grinder
  5115 | D:5      | Reached skill level 8 in Earth Magic
  5115 | D:5      | Reached XP level 8. HP: 40/41 MP: 6/16
  5416 | D:5      | Noticed Menkaure
  5420 | D:5      | Killed Menkaure
  5541 | D:5      | Found a staircase to the Ecumenical Temple.
  5654 | Temple   | Entered the Ecumenical Temple
  5748 | Temple   | Became a worshipper of Gozag Ym Sagoz the Greedy
  5870 | D:5      | Found a burning altar of Makhleb.
  6165 | D:5      | Reached skill level 9 in Earth Magic
  6421 | D:5      | Noticed Blork the orc
  6427 | D:5      | Killed Blork the orc
  6504 | D:5      | Found a hazy altar of Hepliaklqana.
  7489 | D:6      | Reached skill level 10 in Earth Magic
  7489 | D:6      | Reached XP level 9. HP: 45/45 MP: 1/20
  7894 | D:6      | Found a hide-covered altar of Uskayaw.
  7936 | D:6      | Found a radiant altar of Vehumet.
  8544 | D:7      | Found an ancient bone altar of Kikubaaqudgha.
  8769 | D:7      | Found a shimmering blue altar of Sif Muna.
  8885 | D:7      | Got Sif Muna's Guide on the Enthralling Entourage
  8902 | D:7      | Found a bloodstained altar of Trog.
  9129 | D:7      | Reached skill level 11 in Earth Magic
 10040 | D:8      | Found a staircase to the Lair.
 10548 | D:8      | Reached XP level 10. HP: 50/50 MP: 19/23
 10556 | D:8      | Reached skill level 12 in Earth Magic
 10701 | D:8      | Bought a scroll of identify for 26 gold pieces
 10715 | D:8      | Found a white marble altar of Elyvilon.
 11478 | D:9      | Noticed Maurice
 11675 | D:9      | Killed Maurice
 11798 | D:9      | Found a shadowy altar of Dithmenos.
 11998 | D:9      | Found a hazy altar of Hepliaklqana.
 12094 | D:9      | Reached skill level 10 in Spellcasting
 12094 | D:9      | Reached skill level 13 in Earth Magic
 12424 | D:9      | Found a glowing golden altar of the Shining One.
 12469 | D:9      | Noticed Joseph
 12474 | D:9      | Killed Joseph
 12820 | D:10     | Entered Level 10 of the Dungeon
 12954 | D:10     | Noticed a two-headed ogre
 12960 | D:10     | Killed a two-headed ogre
 13134 | D:10     | Noticed a two-headed ogre
 13138 | D:10     | Killed a two-headed ogre
 13139 | D:10     | Reached skill level 14 in Earth Magic
 13139 | D:10     | Reached XP level 11. HP: 54/54 MP: 12/26
 13260 | D:10     | Noticed Erolcha
 13265 | D:10     | Killed Erolcha
 13325 | D:10     | Found a burning altar of Makhleb.
 13336 | D:10     | Identified the +9 trident of Pimen {vamp, Int+2}
 13424 | D:10     | Identified the +1 war axe of Profit {venom, rElec}
 13618 | D:10     | Found Cytomis's Fire Supplies.
 13627 | D:10     | Bought a wand of flame (13) for 75 gold pieces
 14223 | D:11     | You fall into a shaft and drop 1 floor!
 14227 | D:12     | Noticed a deep elf pyromancer
 14228 | D:12     | HP: 2/54 [deep elf pyromancer/bolt of fire (35)]
 14232 | D:12     | Killed from afar by a deep elf pyromancer

Illustrated notes

Levels and vault maps discovered:
D:1:      ldierk_water_garden, layout_basic, basic_ecumenical_altar,
          st_stairs_9, minmay_tiny_reverse_x
D:2:      layout_basic, minmay_hexomino_c4
D:3:      layout_loops_corners, serial_forest, infiniplex_forest_lined_ring,
          infiniplex_forest_clump_tiny, infiniplex_forest_clump_cross,
          infiniplex_forest_straight_4, infiniplex_forest_lined_corner,
          infiniplex_forest_end_2, infiniplex_forest_zigzag_2,
          infiniplex_forest_end_2, uniq_crazy_yiuf_cottage, uniq_sigmund
D:4:      layout_rooms, ebering_dispersal_statue_hall, uniq_edmund, uniq_natasha
D:5:      layout_layer_cave, temple_doors_e, hangedman_feature_mirror,
          minmay_misc_feat_rugged, uniq_blork_the_orc, uniq_menkaure,
          uniq_grinder
D:6:      layout_rooms, nicolae_uskayaw_murder_on_the_dancefloor,
          vehumet_crystals
D:7:      layout_basic, nzn_overflow_gifts_of_might_and_magic,
          kiku_gazebo_garden_becter
D:8:      layout_cave_pools, mainiacjoe_overflow_catwalk, dpeg_oklobed_lair
D:9:      layout_irregular_city, nicolae_hepliaklqana_monster_ancestors,
          lemuel_tele_altar, old_standard_altar, bh_circular_ruins, uniq_joseph,
          uniq_maurice
D:10:     layout_loops_ring, old_standard_altar, nicolae_shop_fire_sale
          [nicolae_sub_dead_trees], uniq_erolcha
D:11:     layout_roguey, uniq_josephine
D:12:     layout_rooms, zombieorc2_lemuel, uniq_psyche
Temple:   nicolae_temple_hex_pool

Skill      XL: |  1  2  3  4  5  6  7  8  9 10 |
---------------+-------------------------------+-----
Transmutations | 1 2 |  2.0
Earth Magic    | 4 5 6 8 10 11 14 | 14.0
Spellcasting   | 3 4 5 7 9 11 | 11.8
Dodging        | |  1.5
Stealth        | |  2.1

Action                   |  1- 3 |  4- 6 |  7- 9 | 10-12 || total
-------------------------+-------+-------+-------+-------++-------
Melee: Unarmed           |    46 |     8 |     1 |       ||    55
       Punch             |     1 |       |     1 |       ||     2
       Flail             |       |       |    15 |     3 ||    18
       Dire flail        |       |       |       |    12 ||    12
       War axe           |       |       |       |    33 ||    33
 Cast: Sandblast         |    41 |    61 |    16 |     2 ||   120
       Stone Arrow       |       |     7 |   142 |    96 ||   245
       Petrify           |       |       |     1 |       ||     1
Invok: Call Merchant     |       |       |       |     1 ||     1
Evoke: Wand              |       |       |       |     1 ||     1
  Use: Scroll            |       |       |     5 |     5 ||    10
 Stab: Sleeping          |       |     1 |       |       ||     1
Armor: Robe              |    10 |    13 |    32 |    75 ||   130
Dodge: Dodged            |    24 |    26 |    56 |    47 ||   153
